 Dungeon Crawl Stone Soup version 0.18-a0-1797-gc18daef (webtiles) character file.

20232 Ijustatesigmund the Grappler (level 12, 0/122 HPs)
             Began as a Troll Hunter on Apr 22, 2016.
             Was the Champion of Okawaru.
             Slain by a five-headed hydra (8 damage)
             ... on level 1 of the Lair of Beasts.
             The game lasted 00:45:23 (10726 turns).

Ijustatesigmund the Grappler (Troll Hunter)        Turns: 10726, Time: 00:45:23

Health: 0/122      AC: 11    Str: 23    XL:     12   Next: 43%
Magic:  12/13      EV: 11    Int:  7    God:    Okawaru [******]
Gold:   594        SH:  0    Dex: 14    Spells: 1 memorised, 10 levels left

rFire  + . .     SeeInvis .       - Unarmed
rCold  + . .     Gourm    +     K - +2 robe {rC+}
rNeg   . . .     Faith    +     (no shield)
rPois  +         Spirit   .     (helmet restricted)
rElec  +         Dismiss  .     x - +2 cloak
rCorr  .         Reflect  .     (gloves unavailable)
SustAt .         Harm     .     (boots unavailable)
MR     .....                    M - amulet of faith
Stlth  ++........               o - ring of poison resistance
                                q - ring of Vyxaomud {rF+ AC+1}

@: hasted, studying Ice Magic, very quick, not resistant to hostile
enchantments, unstealthy
A: unfitting armour, claws 3, fast metabolism 3, gourmand, regeneration 2,
shaggy fur 1, electricity resistance, tough skin 2
a: Heroism, Finesse, Renounce Religion


You were on level 1 of the Lair of Beasts.
You worshipped Okawaru.
Okawaru was exalted by your worship.
You were completely stuffed.

You visited 3 branches of the dungeon, and saw 14 of its levels.
You also visited: Labyrinth and Bailey.

You collected 649 gold pieces.
You spent 55 gold pieces at shops.

Inventory:

Hand Weapons
 m - the +9 blowgun of the Wasteland {speed, MR- Dex+4}
   (You found it in a labyrinth)

   Attacks with this weapon are significantly faster.
   It affects your dexterity (+4).
   It affects your resistance to hostile enchantments.
Missiles
 c - a large rock
 d - a throwing net
 r - 7 poisoned javelins
 G - 6 javelins of penetration (quivered)
Armour
 s - a +1 storm dragon armour
 x - a +2 cloak (worn)
 B - the +1 robe of the Moon {rN++}
   (Okawaru gifted it to you on level 12 of the Dungeon)

   It greatly protects you from negative energy.
 K - a +2 robe of cold resistance (worn)
Rods
 P - a +9 lightning rod (13/13)
   (You found it in a labyrinth)
Jewellery
 o - a ring of poison resistance (right claw)
 q - the ring of Vyxaomud (left claw) {rF+ AC+1}
   (You found it in a labyrinth)

   [ring of protection]

   It affects your AC (+1).
   It protects you from fire.
 v - an uncursed ring of stealth
 F - a +6 ring of intelligence
 I - an uncursed ring of flight
 M - an amulet of faith (around neck)
Wands
 n - a wand of paralysis (16/24)
 y - a wand of hasting (1/9)
 E - a wand of random effects (10/48)
 J - a wand of disintegration (14/24)
 L - a wand of acid (8/15)
Scrolls
 i - 2 scrolls of enchant weapon
 p - 5 scrolls of teleportation
 w - 6 scrolls of remove curse
 A - a scroll of enchant armour
Potions
 a - a potion of mutation
 g - 2 potions of flight
 h - 4 potions of curing
 j - 6 potions of lignification
 k - 3 potions of heal wounds
 l - a potion of resistance
 z - 2 potions of brilliance
 H - a potion of agility
Books
 b - a manual of Ice Magic
Comestibles
 f - 10 bread rations
 t - 23 fruits
 u - 5 meat rations


   Skills:
 - Level 8.7 Fighting
 - Level 6.8 Throwing
 - Level 4.0 Dodging
 - Level 3.0 Stealth
 - Level 13.7 Unarmed Combat
 + Level 7.0 Ice Magic
 + Level 2.7 Invocations


You had 10 spell levels left.
You knew the following spells:

 Your Spells              Type           Power        Failure   Level  Hunger
a - Summon Butterflies    Summ           #.......     47%         1    ##.....


Dungeon Overview and Level Annotations

Branches:
Dungeon (12/15)            Temple (1/1) D:7            Lair (1/8) D:11
    Orc (0/2) D:11

Altars:
Ashenzari
Cheibriados
Dithmenos
Fedhas
Gozag
Kikubaaqudgha
Makhleb
Nemelex Xobeh
Okawaru
Pakellas
Qazlal
Sif Muna
Trog
Vehumet
Xom
Yredelemnul
Zin
The Shining One

Shops:
D:9 !

Annotations:
D:10 exclusion: obsidian statue


Innate Abilities, Weirdness & Mutations

You are too large for most types of armour.
You have claws for hands.
Your metabolism is lightning-fast.
You like to eat raw meat.
You heal very quickly.
You are covered in fur (AC +1).
You have very tough skin (AC +2).
You are resistant to electric shocks.


Message History

Okay, then.
Drink which item? (? for menu, Esc to quit)
You feel much better.
The five-headed hydra bites you but does no damage.
The five-headed hydra bites you!
* * * LOW HITPOINT WARNING * * *
The five-headed hydra bites you!
* * * LOW HITPOINT WARNING * * *
The five-headed hydra bites you!
* * * LOW HITPOINT WARNING * * *
The five-headed hydra bites you.
* * * LOW HITPOINT WARNING * * *
Read which item? (? for menu, Esc to quit)
Okay, then.
Drink which item? (? for menu, Esc to quit)
You feel yourself speed up.
The five-headed hydra bites you but does no damage.
The five-headed hydra closely misses you.
The five-headed hydra misses you. The five-headed hydra bites you!
You die...

#.# #.## #.#
###†P###.# ##
#.†.†...... .#
##..###..## .#
#...# #.# .#
##..## #.###.##
#...###.##...##.#
#.P.......@D...#
#...###.#.#.#...#
#.### #####l.. ##
#.# ....# #..
.#.... ###
###.### .# .


You could see a five-headed hydra and a komodo dragon.

Vanquished Creatures
  An orc warlord (Bailey)
  A minotaur (Lab)
  A hydra (Lair:1)
  A catoblepas (D:11)
  Urug (D:12)
  3 hill giants
  2 orc knights (Bailey)
  A black mamba (Lair:1)
  Joseph (D:8)
  3 spiny frogs (Lair:1)
  A komodo dragon (Lair:1)
  A freezing wraith (D:12)
  3 trolls
  A shadow (D:12)
  A redback (Lab)
  16 yaks
  Grum (D:8)
  2 hippogriffs
  7 hungry ghosts
  3 wargs (D:11)
  2 mottled dragons
  A water moccasin (Lair:1)
  A porcupine (Lair:1)
  2 sky beasts
  4 ice beasts
  16 orc warriors
  2 black bears
  An eye of draining (D:10)
  A phantom (D:9)
  A necrophage (D:9)
  2 wolves (D:8)
  3 ogres
  8 centaurs
  A big kobold (D:8)
  7 giant frogs
  A gnoll sergeant (D:6)
  A water moccasin zombie (D:7)
  5 scorpions
  6 killer bees (D:8)
  5 wights (D:7)
  3 crimson imps
  3 quasits
  A centaur zombie (D:7)
  5 orc priests
  5 hounds
  A jelly (D:5)
  Crazy Yiuf (D:5)
  9 orc wizards
  A centaur skeleton (D:11)
  3 giant frog skeletons
  An iguana (D:8)
  Jessica (D:2)
  6 worker ants
  A hound zombie (D:11)
  A hound skeleton (D:4)
  2 howler monkey zombies
  A worker ant zombie (D:11)
  26 gnolls
  13 adders
  10 river rats (Lair:1)
  A shadow imp (D:8)
  2 oozes
  An adder zombie (D:6)
  2 adder skeletons
  5 worms
  8 giant geckos
  49 orcs
  A ball python (D:2)
  9 giant cockroaches
  24 goblins
  21 hobgoblins
  15 jackals
  4 quokkas
  4 bats
  5 giant newts
  7 kobolds
  5 rats
  A fungus (D:5)
379 creatures vanquished.

Notes
Turn   | Place    | Note
--------------------------------------------------------------
     0 | D:1      | Ijustatesigmund the Troll Hunter began the quest for the Orb.
     0 | D:1      | Reached XP level 1. HP: 19/19 MP: 0/0
    38 | D:1      | Reached skill level 1 in Unarmed Combat
    49 | D:1      | Reached XP level 2. HP: 24/28 MP: 1/1
   308 | D:1      | Reached skill level 2 in Unarmed Combat
   536 | D:1      | Reached XP level 3. HP: 31/35 MP: 2/2
  1071 | D:2      | Noticed Jessica
  1078 | D:2      | Killed Jessica
  1078 | D:2      | Reached skill level 3 in Unarmed Combat
  1078 | D:2      | Reached XP level 4. HP: 43/44 MP: 3/3
  1225 | D:2      | Reached XP level 5. HP: 52/52 MP: 4/4
  1863 | D:3      | Reached skill level 4 in Unarmed Combat
  2269 | D:4      | Reached XP level 6. HP: 57/61 MP: 5/5
  2304 | D:4      | Found a shimmering altar of Xom.
  2387 | D:4      | Reached skill level 5 in Unarmed Combat
  2790 | D:5      | Entered Level 5 of the Dungeon
  2818 | D:5      | Noticed an ice beast
  2832 | D:5      | Killed an ice beast
  2833 | D:5      | Reached XP level 7. HP: 68/68 MP: 6/6
  2855 | D:5      | Found an opulent altar of Gozag.
  2871 | D:5      | Reached skill level 6 in Unarmed Combat
  3060 | D:5      | Found a snail-covered altar of Cheibriados.
  3299 | D:5      | Found an opulent altar of Gozag.
  3431 | D:5      | Noticed Crazy Yiuf
  3431 | D:5      | Killed Crazy Yiuf
  3607 | D:6      | Reached skill level 7 in Unarmed Combat
  3780 | D:6      | Found a shadowy altar of Dithmenos.
  3892 | D:6      | Got a translucent mace
  3893 | D:6      | Identified the +0 mace "Siofooz" {flame, *Confuse +Fly rN++ Dex+2} (You found it on level 6 of the Dungeon)
  4352 | D:7      | Reached XP level 8. HP: 74/79 MP: 7/7
  4482 | D:7      | Reached skill level 8 in Unarmed Combat
  4491 | D:7      | Reached skill level 5 in Fighting
  4965 | D:7      | Reached skill level 9 in Unarmed Combat
  5050 | D:7      | Found a staircase to the Ecumenical Temple.
  5056 | Temple   | Entered the Ecumenical Temple
  5093 | Temple   | Became a worshipper of Warmaster Okawaru
  5354 | D:7      | Found a stormy altar of Qazlal.
  5398 | D:8      | Noticed Grum
  5420 | D:8      | Killed Grum
  5420 | D:8      | Reached XP level 9. HP: 49/89 MP: 8/8
  5516 | D:8      | Noticed Joseph
  5527 | D:8      | Killed Joseph
  5527 | D:8      | Reached skill level 10 in Unarmed Combat
  5541 | D:8      | Reached * piety under Okawaru
  6168 | D:8      | Found an oddly glowing altar of Pakellas.
  6250 | D:8      | Reached skill level 11 in Unarmed Combat
  6379 | D:8      | Found a deep blue altar of Sif Muna.
  6452 | D:9      | Found Boygus's Distillery.
  6464 | D:9      | Bought a potion of degeneration for 11 gold pieces
  6464 | D:9      | Bought a potion of agility for 44 gold pieces
  6488 | D:9      | Found a flagged portal.
  6489 | D:9      | Noticed a troll
  6501 | D:9      | Killed a troll
  6501 | D:9      | Reached ** piety under Okawaru
  6513 | Bailey   | Entered a bailey
  6683 | Bailey   | Reached XP level 10. HP: 102/102 MP: 9/9
  6694 | Bailey   | Noticed an orc knight
  6718 | Bailey   | Killed an orc knight
  6718 | Bailey   | Reached *** piety under Okawaru
  6718 | Bailey   | Reached skill level 12 in Unarmed Combat
  6861 | Bailey   | Noticed an orc warlord
  6861 | Bailey   | Noticed an orc knight
  6880 | Bailey   | Killed an orc warlord
  6884 | Bailey   | Killed an orc knight
  6894 | Bailey   | Reached skill level 13 in Unarmed Combat
  7283 | D:9      | Gained mutation: Your spells are a little harder to cast, but a little more powerful. [potion of mutation]
  7283 | D:9      | Gained mutation: Your spells are harder to cast, but more powerful. [potion of mutation]
  7283 | D:9      | Gained mutation: Scrolls take you a little longer to read. [potion of mutation]
  7284 | D:9      | Lost mutation: Scrolls take you a little longer to read. [potion of cure mutation]
  7284 | D:9      | Lost mutation: Your spells are harder to cast, but more powerful. [potion of cure mutation]
  7284 | D:9      | Lost mutation: Your spells are a little harder to cast, but a little more powerful. [potion of cure mutation]
  7301 | D:9      | Reached **** piety under Okawaru
  7445 | D:10     | Entered Level 10 of the Dungeon
  7454 | D:10     | Reached XP level 11. HP: 87/113 MP: 4/10
  7474 | D:10     | Gained mutation: You are resistant to electric shocks. [potion of beneficial mutation]
  7643 | D:10     | Reached skill level 1 in Stealth
  7847 | D:10     | Noticed an obsidian statue
  8413 | D:10     | Reached ***** piety under Okawaru
  8811 | D:11     | Noticed a hill giant
  8819 | D:11     | Killed a hill giant
  8867 | D:11     | Found a staircase to the Lair.
  9210 | D:11     | Received a gift from Okawaru
  9237 | D:11     | Found a staircase to the Orcish Mines.
  9270 | D:11     | Noticed a catoblepas
  9277 | D:11     | Killed a catoblepas
  9277 | D:11     | Reached skill level 5 in Throwing
  9470 | D:12     | Found a labyrinth entrance.
  9479 | Lab      | Entered a labyrinth
  9742 | Lab      | Got a coiled tin ring
  9744 | Lab      | Identified the ring of Vyxaomud {rF+ AC+1} (You found it in a labyrinth)
  9844 | Lab      | Noticed a minotaur
  9849 | Lab      | Killed a minotaur
  9856 | Lab      | Identified the Compendium of the Snowflakes and Stolen Souls (You found it in a labyrinth)
  9858 | Lab      | Identified a +5 rod of ignition (10/10) (You found it in a labyrinth)
  9867 | Lab      | Identified a scroll of acquirement
  9873 | Lab      | Got a steaming blowgun
  9877 | Lab      | Identified the +9 blowgun of the Wasteland {speed, MR- Dex+4} (You found it in a labyrinth)
  9915 | D:12     | Reached XP level 12. HP: 121/122 MP: 11/11
 10010 | D:12     | Noticed a four-headed hydra
 10057 | D:12     | Received a gift from Okawaru
 10060 | D:12     | Got a bloodstained robe {god gift}
 10268 | D:12     | Identified the +1 robe of the Moon {rN++} (Okawaru gifted it to you on level 12 of the Dungeon)
 10413 | D:12     | Noticed Urug
 10425 | D:12     | Killed Urug
 10425 | D:12     | Reached skill level 5 in Ice Magic
 10496 | Lair:1   | Entered Level 1 of the Lair of Beasts
 10524 | Lair:1   | Learned a level 1 spell: Summon Butterflies
 10525 | Lair:1   | Noticed a five-headed hydra
 10534 | Lair:1   | Killed a five-headed hydra
 10534 | Lair:1   | Reached ****** piety under Okawaru
 10534 | Lair:1   | Reached skill level 1 in Invocations
 10717 | Lair:1   | Noticed a five-headed hydra
 10726 | Lair:1   | Slain by a five-headed hydra

Vault maps used:
D:1:      evilmike_arrival_plus, st_stairs_11
D:2:      serial_curves, eino_curves_04, eino_curves_03, eino_curves_02,
          eino_curves_01, uniq_jessica
D:4:      first_bread, tgw_xom
D:5:      overflow_temple_1_default, nicolae_overflow_hidden_temple,
          basic_altar, hangedman_abyss_or_decor_stagger, uniq_crazy_yiuf_cottage
D:6:      nicolae_dithmenos_shadow_blocks, kennysheep_dice
D:7:      lemuel_coloured_pillars_altar, temple_green
D:8:      tgw_sif, basic_altar, blue_anna_alchemist, uniq_joseph, uniq_grum
D:9:      serial_shops, shop, enter_bailey_2, solitary_fountain,
          minmay_stone_trees_small
D:10:     minmay_statue_bubble
D:11:     erik_lair_orcish_takeover, david_orc_2
D:12:     boulder_indie, lab_entry_generic, grunt_potential, uniq_urug
Temple:   nicolae_temple_god_jail
Lair:1:   guppyfry_lair_drakes, infiniplex_staircase_pool, uniq_harold
Lab:      labyrinth_hidden_loot, nicolae_lab_grate_2, nicolae_lab_dead_end
Bailey:   bailey_axe_minmay_hex_keep, bailey

Skill      XL: |  1  2  3  4  5  6  7  8  9 10 11 12 |
---------------+-------------------------------------+-----
Unarmed Combat | 1 2 3 4 5 7 9 11 13 | 13.7
Fighting       | 2 3 4 5 7 8 |  8.7
Dodging        | 4 |  4.0
Stealth        | 3 |  3.0
Throwing       | 6 |  6.8
Ice Magic      | 7 |  7.0
Invocations    | 2 |  2.7

Action                   |  1- 3 |  4- 6 |  7- 9 | 10-12 || total
-------------------------+-------+-------+-------+-------++-------
Melee: Unarmed           |    95 |   159 |   329 |   507 ||  1090
       Punch             |     2 |     1 |    11 |    41 ||    55
Throw: Large rock        |     2 |     8 |    13 |     6 ||    29
       Throwing net      |       |     1 |     3 |     2 ||     6
       Javelin           |       |       |     2 |     7 ||     9
Invok: Heroism           |       |       |     1 |     8 ||     9
       Finesse           |       |       |       |     1 ||     1
Evoke: Wand              |       |       |       |     7 ||     7
  Use: Scroll            |     4 |     6 |     9 |    14 ||    33
       Potion            |       |       |       |    12 ||    12
 Stab: Sleeping          |       |     3 |     7 |     6 ||    16
       Distracted        |       |       |     1 |     1 ||     2
  Eat: Chunk             |    14 |    14 |    39 |    37 ||   104
       Fruit             |       |       |       |     9 ||     9
       Bread ration      |       |       |       |     1 ||     1
       Royal jelly       |       |       |       |     1 ||     1
       Beef jerky        |       |       |       |     1 ||     1
Armor: Robe              |    52 |    33 |   114 |   180 ||   379
Dodge: Dodged            |    53 |    66 |   168 |   192 ||   479
